 Dungeon Crawl Stone Soup version 0.31-a0-182-gc5ef74bbde (webtiles) character file.

Game seed: 16184958681599552618

3230 qw the Cleaver (level 9, -5/57 HPs)
             Began as a Gargoyle Fighter on June 20, 2023.
             Slain by a two-headed ogre
             ... wielding a +0 giant club
              (18 damage)
             ... on level 8 of the Dungeon.
             The game lasted 00:03:12 (7057 turns).

qw the Cleaver (Gargoyle Fighter)                   Turns: 7057, Time: 00:03:13

Health: -5/57      AC: 24    Str: 33 (36) XL:     9   Next: 98%
Magic:  9/9        EV:  8    Int: 11 (13) God:
Gold:   76         SH:  5    Dex:  9      Spells: 8/8 levels left

rFire   + . .        Y - +1 war axe (flame)
rCold   . . .        c - +0 buckler
rNeg    + . .        e - +0 plate armour
rPois   inf          t - +1 helmet {Int+3}
rElec   +            (no cloak)
rCorr   .            v - +2 pair of gloves of Upnaenn {-Cast Str+7}
SInv    .            (no boots)
Will    +....        (no amulet) Stlth
                     u - +6 ring of strength
HPRegen 0.29/turn    f - ring of protection from fire
MPRegen 0.11/turn

%: no spellcasting
@: about to teleport
A: sickness immunity, AC +6, negative energy resistance 1, electricity
resistance, torment resistance 1, petrification resistance, strong-willed 1
a: no special abilities


You were on level 8 of the Dungeon.
You visited 2 branches of the dungeon, and saw 9 of its levels.

You collected 592 gold pieces.
You spent 516 gold pieces at shops.


Innate Abilities, Weirdness & Mutations

You are immune to sickness and miasma.
Your stone body is resilient. (AC +6)
You are immune to poison.
You resist negative energy. (rN+)
You are resistant to electric shocks. (rElec)
You are resistant to unholy torment.
You are immune to petrification.
You are strong-willed. (Will+)


   Skills:
 - Level 7.0 Fighting
 + Level 9.3 Axes
 - Level 2.5 Throwing
 - Level 6.1 Armour
 - Level 2.0 Dodging
 - Level 5.6 Shields


You had 8 spell levels left.
You didn't know any spells.
Your spell library was empty.

Inventory:

Hand Weapons
 B - the +3 broad axe of Res Nullius {freeze, Fragile Fly rPois rC+}
   (You bought it in a shop on level 7 of the Dungeon)

   rC:        It protects you from cold.
   rPois:     It protects you from poison.
   Fly:       It grants you flight.
   Fragile:   It will be destroyed if unequipped.
 Y - a +1 war axe of flaming (weapon)
Missiles
 b - 2 boomerangs (quivered)
Armour
 c - a +0 buckler (worn)
 e - a +0 plate armour (worn)
 t - a +1 helmet of intelligence (worn)
 v - the +2 pair of gloves of Upnaenn (worn) {-Cast Str+7}
   (You found it on level 5 of the Dungeon)

   Str:       It affects your strength (+7).
   -Cast:     It prevents spellcasting.
Jewellery
 f - a ring of protection from fire (right hand)
 o - a ring of protection from fire
 u - a +6 ring of strength (left hand)
 w - a ring of protection from cold
 C - a ring of resist corrosion
 D - a +6 ring of dexterity
Wands
 m - a wand of digging (6)
Scrolls
 h - a scroll of identify
 l - a scroll of fog {unknown}
Potions
 d - a potion of might
 i - 3 potions of curing
 j - 2 potions of haste
 k - a potion of cancellation
 n - a potion of enlightenment
 q - 2 potions of lignification
 r - a potion of ambrosia {unknown}
 s - a potion of magic {unknown}
 x - 2 potions of mutation
 F - a potion of heal wounds {unknown}

Dungeon Overview and Level Annotations

Branches:
Dungeon (8/15)             Temple (1/1) D:6
   Lair: D:8-11

Altars:
Ashenzari
Cheibriados
Dithmenos
Elyvilon
Gozag
Hepliaklqana
Kikubaaqudgha
Nemelex Xobeh
Qazlal
Ru
Sif Muna
Trog
Uskayaw
Vehumet
Wu Jian
Xom
Yredelemnul
Zin

Shops:
D:3 [   D:7 *?((*

Annotations:
D:2 1 runed translucent door, Crazy Yiuf


Message History

You slash the wight! You burn the wight.
You destroy the wight!
Things that are here:
a +0 hand axe; a +0 robe
There is a stone staircase leading down here.
You now have 76 gold pieces (gained 11).
There is a stone staircase leading down here.
Things that are here:
a +0 hand axe; a +0 robe A two-headed ogre comes into view.
It is wielding a +0 giant club and a +0 giant spiked club.
The two-headed ogre shouts in stereo!
Enter note:
Enter note:
Enter note:
Enter note: You throw a boomerang.
The boomerang hits the two-headed ogre but does no damage.
You throw a boomerang. The boomerang hits the two-headed ogre!
The two-headed ogre is lightly wounded.
You throw a boomerang. The boomerang hits the two-headed ogre.
The two-headed ogre is lightly wounded.
You hit the two-headed ogre. You burn the two-headed ogre.
The two-headed ogre is moderately wounded.
The two-headed ogre hits you with a +0 giant club!
The two-headed ogre hits you with a +0 giant spiked club!!
You barely miss the two-headed ogre.
The two-headed ogre is moderately wounded.
You block the two-headed ogre's attack. x2
You slash the two-headed ogre! You burn the two-headed ogre.
The two-headed ogre is heavily wounded.
You hit the two-headed ogre. You burn the two-headed ogre.
The two-headed ogre is severely wounded.
You block the two-headed ogre's attack.
The two-headed ogre hits you with a +0 giant spiked club!
7057 ||| READING scroll of teleportation.
As you read the scroll of teleportation, it crumbles to dust.
You feel strangely unstable. The two-headed ogre closely misses you.
The two-headed ogre hits you with a +0 giant spiked club!!
You die...

##############
############.............
............>############
############.# ##)## #
##...## # ##..~..## #
##..~~~..## #
##@.~~~~~..## #
#.O.~~~~~~~..# #
.....~~~~~~~~~.# #
###....~~~~~~~..# #
#.##..~~~~~..## ### #.
##..~~~..## #.. #
##..~..## #.# ##...## #.#
###.# #.#


You could see a two-headed ogre.

Vanquished Creatures
  A deep elf pyromancer (D:7)
  Pikel (D:7)
  A slime creature (D:7)
  A wraith (D:7)
  A steam dragon (D:7)
  A water moccasin (D:5)
  A sky beast (D:6)
  2 ice beasts
  2 centaurs
  A lemure (D:7)
  A kobold brigand (D:6)
  3 bullfrogs (D:7)
  2 scorpions (D:5)
  A wight (D:8)
  6 killer bees (D:8)
  An electric eel (D:6)
  3 hounds
  A jelly (D:4)
  4 orc priests
  2 iguanas
  2 orc wizards
  Ijyb (D:4)
  Robin (D:3)
  6 gnolls
  10 adders
  2 shadow imps
  2 white imps (D:5)
  An ufetubus (D:6)
  A worm (D:5)
  A dart slug (D:5)
  17 orcs
  9 endoplasms
  7 giant cockroaches
  13 goblins
  8 hobgoblins
  4 jackals (D:4)
  2 quokkas
  3 ball pythons
  3 bats
  7 kobolds
  4 rats
140 creatures vanquished.

Notes
Turn   | Place    | Note
-------+----------+-------------------------------------------
     0 | D:1      | qw the Gargoyle Fighter began the quest for the Orb.
     0 | D:1      | Reached XP level 1. HP: 14/14 MP: 1/1
     0 | D:1      | 0 ||| qw: Version: 0.3-a-9-g12657ce
     0 | D:1      | 0 ||| qw: Game counter: 1305
     0 | D:1      | 0 ||| qw: Always use a shield: true
     0 | D:1      | 0 ||| qw: God list: Okawaru
     0 | D:1      | 0 ||| qw: Allow faded altars: false
     0 | D:1      | 0 ||| qw: Do Orc after D:15 true
     0 | D:1      | 0 ||| qw: Do second Lair branch before Depths: true
     0 | D:1      | 0 ||| qw: Lair rune preference: random
     0 | D:1      | 0 ||| qw: Plans: Normal, Zot:1-4, Slime:5, God:TSO, Crypt,
                  | Tomb, Abyss, Pan, Hells, Win
     0 | D:1      | 0 ||| PLANNING D:1-11
    27 | D:1      | Reached skill level 2 in Axes
   150 | D:1      | 150 ||| Stepping ~*~*~tactically~*~*~ (stealth).
   164 | D:1      | Reached XP level 2. HP: 13/19 MP: 2/2
   195 | D:1      | Found a glowing silver altar of Zin.
   218 | D:1      | 218 ||| Stepping ~*~*~tactically~*~*~ (stealth).
   219 | D:1      | 219 ||| Stepping ~*~*~tactically~*~*~ (stealth).
   228 | D:1      | 228 ||| Stepping ~*~*~tactically~*~*~ (stealth).
  1013 | D:1      | 1013 ||| UPGRADING to +0 plate armour.
  1023 | D:1      | 1023 ||| DROPPING +0 scale mail.
  1024 | D:1      | 1024 ||| UPGRADING to ring of protection from cold.
  1025 | D:1      | 1025 ||| READING scroll labelled CORIXY NAXT.
  1026 | D:1      | 1026 ||| READING scroll labelled ZAARIRO NEOBA.
  1027 | D:1      | 1027 ||| READING scroll labelled SIWKIUJOISU.
  1031 | D:1      | 1031 ||| READING scroll labelled VOM PU RIBLYN.
  1058 | D:2      | Reached skill level 3 in Axes
  1058 | D:2      | Reached XP level 3. HP: 11/23 MP: 3/3
  1145 | D:2      | 1145 ||| DROPPING +0 club.
  1259 | D:2      | Reached XP level 4. HP: 27/28 MP: 4/4
  1392 | D:2      | Reached skill level 4 in Axes
  1475 | D:2      | Found a runed translucent door.
  1476 | D:2      | Noticed Crazy Yiuf
  1515 | D:2      | 1515 ||| UPGRADING to ring of positive energy.
  1516 | D:2      | 1516 ||| DROPPING ring of flight.
  1517 | D:2      | 1517 ||| READING scroll labelled ZAOPAO FACIPT.
  1518 | D:2      | 1518 ||| READING scroll labelled TESTYM OTAG.
  1519 | D:2      | 1519 ||| READING scroll labelled ZASAUTIECZO.
  1594 | D:3      | Found the +8 trident of the Octopus King {venom, rElec
                  | rPois}
  1765 | D:3      | 1765 ||| DROPPING +0 whip.
  1934 | D:3      | 1934 ||| Stepping ~*~*~tactically~*~*~ (stealth).
  1940 | D:3      | 1940 ||| Stepping ~*~*~tactically~*~*~ (stealth).
  1946 | D:3      | Reached XP level 5. HP: 25/32 MP: 5/5
  2015 | D:3      | Found a white marble altar of Elyvilon.
  2136 | D:3      | Found Cafa's Armour Boutique.
  2152 | D:3      | 2152 ||| SHOPLISTING +0 plate armour of fire resistance
                  | (330 gold, have 191).
  2152 | D:3      | 2152 ||| SHOPLISTING +2 cloak of stealth (236 gold, have
                  | 191).
  2152 | D:3      | 2152 ||| SHOPLISTING +4 scale mail of cold resistance (341
                  | gold, have 191).
  2219 | D:3      | Noticed Robin
  2220 | D:3      | 2220 ||| Stepping ~*~*~tactically~*~*~ (hiding).
  2228 | D:3      | Killed Robin
  2258 | D:3      | 2258 ||| Stepping ~*~*~tactically~*~*~ (stealth).
  2293 | D:3      | 2293 ||| UPGRADING to +1 helmet of intelligence.
  2298 | D:3      | 2298 ||| READING scroll labelled TODUGREDEC.
  2351 | D:4      | Reached skill level 5 in Axes
  2388 | D:4      | 2388 ||| Stepping ~*~*~tactically~*~*~ (stealth).
  2409 | D:4      | Reached XP level 6. HP: 35/38 MP: 6/6
  2774 | D:4      | Noticed Ijyb
  2775 | D:4      | Paralysed by Ijyb for 5 turns
  2783 | D:4      | Paralysed by Ijyb for 5 turns
  2788 | D:4      | Killed Ijyb
  2978 | D:4      | 2978 ||| UPGRADING to ring of protection from fire.
  2980 | D:4      | 2980 ||| UPGRADING to +6 ring of strength.
  2982 | D:4      | 2982 ||| DRINKING 2 lumpy sapphire potions.
  2983 | D:4      | 2983 ||| DRINKING 3 amethyst potions.
  3047 | D:5      | Entered Level 5 of the Dungeon
  3159 | D:5      | Reached skill level 6 in Axes
  3164 | D:5      | Noticed a water moccasin
  3172 | D:5      | Killed a water moccasin
  3173 | D:5      | Reached XP level 7. HP: 40/43 MP: 7/7
  3228 | D:5      | Identified the +2 pair of gloves of Upnaenn {-Cast Str+7}
  3263 | D:5      | 3263 ||| Stepping ~*~*~tactically~*~*~ (hiding).
  3264 | D:5      | 3264 ||| Stepping ~*~*~tactically~*~*~ (hiding).
  3271 | D:5      | 3271 ||| Stepping ~*~*~tactically~*~*~ (stealth).
  3314 | D:5      | 3314 ||| Stepping ~*~*~tactically~*~*~ (stealth).
  3340 | D:5      | 3340 ||| Stepping ~*~*~tactically~*~*~ (hiding).
  3531 | D:5      | 3531 ||| FLEEEEING.
  3532 | D:5      | 3532 ||| FLEEEEING.
  3533 | D:5      | 3533 ||| FLEEEEING.
  3534 | D:5      | 3534 ||| FLEEEEING.
  3535 | D:5      | 3535 ||| FLEEEEING.
  3536 | D:5      | 3536 ||| FLEEEEING.
  3537 | D:5      | 3537 ||| FLEEEEING.
  3538 | D:5      | 3538 ||| FLEEEEING.
  3539 | D:5      | 3539 ||| FLEEEEING.
  3540 | D:5      | 3540 ||| FLEEEEING.
  3541 | D:5      | 3541 ||| FLEEEEING.
  3542 | D:5      | 3542 ||| FLEEEEING.
  3543 | D:5      | 3543 ||| FLEEEEING.
  3544 | D:5      | 3544 ||| FLEEEEING.
  3545 | D:5      | 3545 ||| FLEEEEING.
  3546 | D:5      | 3546 ||| FLEEEEING.
  3547 | D:5      | 3547 ||| FLEEEEING.
  3548 | D:5      | 3548 ||| FLEEEEING.
  3549 | D:5      | 3549 ||| FLEEEEING.
  3550 | D:5      | 3550 ||| FLEEEEING.
  3551 | D:5      | 3551 ||| FLEEEEING.
  3552 | D:5      | 3552 ||| FLEEEEING.
  3553 | D:5      | 3553 ||| FLEEEEING.
  3554 | D:5      | 3554 ||| FLEEEEING.
  3555 | D:5      | 3555 ||| FLEEEEING.
  3556 | D:5      | 3556 ||| FLEEEEING.
  3557 | D:5      | 3557 ||| FLEEEEING.
  3558 | D:5      | 3558 ||| FLEEEEING.
  3559 | D:5      | 3559 ||| FLEEEEING.
  3560 | D:5      | 3560 ||| Stepping ~*~*~tactically~*~*~ (hiding).
  3569 | D:5      | Reached skill level 7 in Axes
  3569 | D:5      | HP: 10/43 [orc priest/divine providence (15)]
  3570 | D:5      | 3570 ||| READING scroll of teleportation.
  3571 | D:5      | HP: 1/43 [orc priest/divine providence (9)]
  3942 | D:5      | 3942 ||| UPGRADING to +2 pair of gloves of Upnaenn {-Cast
                  | Str+7}.
  3947 | D:5      | 3947 ||| DRINKING 2 emerald potions.
  3947 | D:5      | Gained mutation: You are strong-willed. (Will+) [potion of
                  | mutation]
  3947 | D:5      | Lost mutation: You are strong-willed. (Will+) [potion of
                  | mutation]
  3947 | D:5      | Gained mutation: You are frail. (-10% HP) [potion of
                  | mutation]
  3948 | D:5      | 3948 ||| DRINKING potion of mutation.
  3948 | D:5      | Lost mutation: You are frail. (-10% HP) [potion of
                  | mutation]
  3948 | D:5      | Gained mutation: You are strong-willed. (Will+) [potion of
                  | mutation]
  3966 | D:5      | 3966 ||| DRINKING 2 green potions.
  4051 | D:6      | Reached skill level 1 in Throwing
  4221 | D:6      | Reached XP level 8. HP: 46/48 MP: 8/8
  4247 | D:6      | Found a sparkling altar of Nemelex Xobeh.
  4250 | D:6      | Found an ornate altar of the Wu Jian Council.
  4255 | D:6      | Found a snail-covered altar of Cheibriados.
  4292 | D:6      | Found a staircase to the Ecumenical Temple.
  4293 | D:6      | 4293 ||| PLANNING TEMPLE
  4293 | D:6      | 4293 ||| READING scroll labelled BIGHYUMPYNN.
  4300 | Temple   | Entered the Ecumenical Temple
  4314 | Temple   | 4314 ||| PLANNING D:1-11
  4671 | D:6      | 4671 ||| READING scroll of brand weapon.
  4671 | D:6      | 4671 ||| BRANDING +0 heavy war axe.
  4672 | D:6      | 4672 ||| DROPPING +0 flail.
  5072 | D:6      | 5072 ||| READING 2 scrolls of identify.
  5072 | D:6      | 5072 ||| IDENTIFYING dark potion
  5073 | D:6      | 5073 ||| DROPPING potion of berserk rage.
  5166 | D:7      | Found Yblul's Magic Scroll Shop.
  5179 | D:7      | 5179 ||| BUYING scroll of enchant weapon (82 gold).
  5179 | D:7      | Bought a scroll of enchant weapon for 82 gold pieces
  5179 | D:7      | 5179 ||| BUYING scroll of identify (22 gold).
  5179 | D:7      | Bought a scroll of identify for 22 gold pieces
  5179 | D:7      | 5179 ||| BUYING scroll of teleportation (33 gold).
  5179 | D:7      | Bought a scroll of teleportation for 33 gold pieces
  5179 | D:7      | 5179 ||| BUYING scroll of teleportation (33 gold).
  5179 | D:7      | Bought a scroll of teleportation for 33 gold pieces
  5179 | D:7      | 5179 ||| READING scroll of enchant weapon.
  5179 | D:7      | 5179 ||| ENCHANTING +0 war axe of flaming.
  5273 | D:7      | Noticed a deep elf pyromancer
  5274 | D:7      | 5274 ||| Stepping ~*~*~tactically~*~*~ (hiding).
  5295 | D:7      | HP: 12/49 [fire elemental[a deep elf pyromancer] (4)]
  5296 | D:7      | 5296 ||| READING 3 scrolls of teleportation.
  5298 | D:7      | Killed a deep elf pyromancer
  5299 | D:7      | Reached skill level 9 in Axes
  5299 | D:7      | Reached XP level 9. HP: 7/54 MP: 9/9
  5299 | D:7      | Noticed Pikel
  5299 | D:7      | 5299 ||| Stepping ~*~*~tactically~*~*~ (stealth).
  5299 | D:7      | HP: 4/54 [burnt (3)]
  5301 | D:7      | 5301 ||| READING 2 scrolls of teleportation.
  5481 | D:7      | 5481 ||| Stepping ~*~*~tactically~*~*~ (hiding).
  5554 | D:7      | Reached skill level 6 in Fighting
  5783 | D:7      | Found a hazy altar of Hepliaklqana.
  5795 | D:7      | Found Jyazej's Antique Weapon Boutique.
  5814 | D:7      | Found Ebluiw's Weapon Emporium.
  5821 | D:7      | 5821 ||| BUYING pitted broad axe (297 gold).
  5821 | D:7      | Bought a pitted broad axe for 297 gold pieces
  5821 | D:7      | Identified the +3 broad axe of Res Nullius {freeze, Fragile
                  | Fly rPois rC+} (You bought it in a shop on level 7 of the
                  | Dungeon)
  5865 | D:7      | Found a bloodstained altar of Trog.
  5874 | D:7      | Found an opulent altar of Gozag.
  5876 | D:7      | Found a basalt altar of Yredelemnul.
  5924 | D:7      | 5924 ||| Stepping ~*~*~tactically~*~*~ (hiding).
  5946 | D:7      | 5946 ||| FLEEEEING.
  5947 | D:7      | 5947 ||| FLEEEEING.
  5948 | D:7      | 5948 ||| FLEEEEING.
  5957 | D:7      | Killed Pikel
  6008 | D:7      | Found a glowing silver altar of Zin.
  6018 | D:7      | Found Imiqao's Assorted Antiques.
  6032 | D:7      | 6032 ||| SHOPLISTING faintly humming chain mail (247 gold,
                  | have 56).
  6032 | D:7      | 6032 ||| BUYING scroll labelled ERCHEA TESMASU (26 gold).
  6032 | D:7      | Bought a scroll labelled ERCHEA TESMASU for 26 gold pieces
  6032 | D:7      | 6032 ||| SHOPLISTING shiny copper wand (104 gold, have 30).
  6032 | D:7      | 6032 ||| BUYING viscous cyan potion (23 gold).
  6032 | D:7      | Bought a viscous cyan potion for 23 gold pieces
  6241 | D:7      | Found Aprief's Assorted Antiques.
  6245 | D:7      | 6245 ||| SHOPLISTING orange potion (18 gold, have 7).
  6245 | D:7      | 6245 ||| SHOPLISTING potion of curing (63 gold, have 7).
  6245 | D:7      | 6245 ||| SHOPLISTING potion of might (84 gold, have 7).
  6245 | D:7      | 6245 ||| SHOPLISTING shiny copper wand (84 gold, have 7).
  6441 | D:7      | 6441 ||| DROPPING ring of positive energy.
  6442 | D:7      | 6442 ||| DROPPING ring of wizardry.
  6443 | D:7      | 6443 ||| READING 2 scrolls labelled GOBE LE ZAAPI.
  6444 | D:7      | 6444 ||| READING scroll labelled ERCHEA TESMASU.
  6545 | D:7      | 6545 ||| DRINKING 2 fizzy coppery potions.
  6546 | D:7      | 6546 ||| DRINKING 2 orange potions.
  6547 | D:7      | 6547 ||| READING 3 scrolls of identify.
  6547 | D:7      | 6547 ||| IDENTIFYING cyan potion
  6548 | D:7      | 6548 ||| READING 2 scrolls of identify.
  6548 | D:7      | 6548 ||| IDENTIFYING ruby potion
  6549 | D:7      | 6549 ||| DROPPING potion of invisibility.
  6550 | D:7      | 6550 ||| DROPPING potion of degeneration.
  6551 | D:7      | 6551 ||| DROPPING scroll of fear.
  6820 | D:8      | 6820 ||| Stepping ~*~*~tactically~*~*~ (stealth).
  6851 | D:8      | Reached skill level 6 in Armour
  6978 | D:8      | 6978 ||| Stepping ~*~*~tactically~*~*~ (hiding).
  6979 | D:8      | 6979 ||| Stepping ~*~*~tactically~*~*~ (hiding).
  6987 | D:8      | 6987 ||| Stepping ~*~*~tactically~*~*~ (stealth).
  7049 | D:8      | Noticed a two-headed ogre
  7056 | D:8      | HP: 13/57 [two-headed ogre/+0 giant club (16)]
  7057 | D:8      | 7057 ||| READING scroll of teleportation.
  7057 | D:8      | Slain by a two-headed ogre

Levels and vault maps discovered:
D:1:      amcnicky_arrival_feature_with_door, layout_basic, dk_noncrumbling_2,
          minmay_hexomino_r4
D:2:      layout_rooms, uniq_crazy_yiuf_cottage
D:3:      layout_loops_cross, nicolae_elyvilon_peaceful_grove, serial_shops,
          shop, hangedman_abyss_or_decor_lesser_grid, grunt_decor_one_mirror,
          uniq_robin
D:4:      layout_basic, uniq_ijyb
D:5:      layout_cave_pools
D:6:      layout_loops_corners, grunt_temple_overflow_diamond,
          minmay_temple_entry_slanted, nicolae_water_bricks, minivault_23,
          dk_vineyard_1, chequers_hall_statues_wall_a, nicolae_sextant
D:7:      layout_basic, lemuel_crystal_altar, amcnicky_altar_gilded, minitemple,
          serial_shops, nicolae_shop_tiny_statue_garden, shop,
          nicolae_shop_dealshenge, shop, shop, wad_mini_maze, uniq_pikel
D:8:      layout_basic, amcnicky_mini_pool_medium
Temple:   hellmonk_temple_rainy

Skill      XL: |  1  2  3  4  5  6  7  8  9 |
---------------+----------------------------+-----
Axes           | 2 3 4 5 6 7 9 |  9.3
Fighting       | 4 5 7 |  7.0
Dodging        | 2 |  2.0
Throwing       | 1 2 |  2.5
Armour         | 4 6 |  6.1
Shields        | 5 |  5.6

Action                     |  1- 3 |  4- 6 |  7- 9 || total
---------------------------+-------+-------+-------++-------
  Melee: War axe           |    86 |   155 |   181 ||   422
  Throw: Javelin           |       |       |    42 ||    42
         Boomerang         |       |       |    12 ||    12
    Use: Scroll            |     4 |     4 |    12 ||    20
         Potion            |       |     2 |     5 ||     7
 Armour: Scale mail        |    22 |       |       ||    22
         Plate armour      |    41 |   172 |   119 ||   332
  Dodge: Dodged            |    30 |    61 |    65 ||   156
  Block: Buckler           |    13 |    38 |    40 ||    91

Table legend:
 A = Non-vault XP
 B = Vault XP
 C = Vault XP percentage of total XP
 D = Non-vault monster count
 E = Vault monster count
 F = Vault count percentage of total count
                 A         B        C        D         E       F
            +---------+---------+-------+---------+---------+-------
      Total |    2637 |    1978 |  42.9 |     114 |      25 |  18.0
            +---------+---------+-------+---------+---------+-------
        D:1 |      20 |       9 |  31.0 |      13 |       5 |  27.8
        D:2 |      71 |       0 |   0.0 |       9 |       0 |   0.0
        D:3 |      85 |      33 |  28.0 |      13 |      11 |  45.8
        D:4 |     178 |      35 |  16.4 |      20 |       1 |   4.8
        D:5 |     625 |       0 |   0.0 |      18 |       0 |   0.0
        D:6 |     482 |       0 |   0.0 |      21 |       0 |   0.0
        D:7 |     671 |    1652 |  71.1 |      11 |       4 |  26.7
        D:8 |     505 |     249 |  33.0 |       9 |       4 |  30.8
            +---------+---------+-------+---------+---------+-------
